 Dungeon Crawl Stone Soup version 0.31.0-32-g396128a36d (webtiles) character file.

Game seed: 5347222950547999035

5096 CerberUrsi the Cleaver (level 10, 0/94 HPs)
             Began as a Hill Orc Fighter on Apr 4, 2024.
             Was a Priest of Trog.
             Slain by a manticore (6 damage)
             ... on level 7 of the Dungeon.
             The game lasted 00:27:31 (6816 turns).

CerberUrsi the Cleaver (Hill Orc Fighter)           Turns: 6816, Time: 00:27:31

Health: 0/94       AC: 14    Str: 24    XL:     10   Next: 57%
Magic:  10/10      EV:  9    Int:  8    God:    Trog [***...]
Gold:   438        SH: 15    Dex: 10    Spells: 9/9 levels left

rFire   . . .        a - +1 war axe
rCold   + . .        E - +0 kite shield
rNeg    . . .        b - +0 scale mail
rPois   .            j - +0 helmet
rElec   .            g - +0 cloak
rCorr   +            p - +0 pair of gloves
SInv    .            k - +0 pair of boots
Will    ++...        s - amulet of reflection Stlth
                     e - ring of resist corrosion
HPRegen 1.35/turn    i - ring of protection from cold
MPRegen 0.12/turn

%: reflection
@: strong-willed (expiring), regenerating (expiring)
A: iridescent scales 1, sturdy frame 1, noise suppression
a: Renounce Religion, Berserk, Trog's Hand


You were on level 7 of the Dungeon.
You worshipped Trog.
Trog was most pleased with you.
You visited 1 branch of the dungeon, and saw 8 of its levels.

You collected 438 gold pieces.

Inventory:

Hand Weapons
 a - a +1 war axe (weapon)
Missiles
 m - 4 curare-tipped darts (quivered)
 o - 5 javelins
Armour
 b - a +0 scale mail (worn)
 g - a +0 cloak (worn)
 j - a +0 helmet (worn)
 k - a +0 pair of boots (worn)
 p - a +0 pair of gloves (worn)
 E - a +0 kite shield (worn)
Jewellery
 e - a ring of resist corrosion (left hand)
 i - a ring of protection from cold (right hand)
 q - a ring of flight
 s - an amulet of reflection (around neck)
 w - a ring of fire
Wands
 c - a wand of flame (7)
 F - a wand of light (3)
Scrolls
 h - 3 scrolls of teleportation
 l - 2 scrolls of noise
 n - 6 scrolls of identify
 t - a scroll of summoning
 v - 2 scrolls of torment {unknown}
 y - a scroll of revelation {unknown}
 B - a scroll of brand weapon {unknown}
 C - a scroll of amnesia {unknown}
 D - 3 scrolls of fog
 G - a scroll of enchant armour {unknown}
 H - a scroll of fear
Potions
 d - a potion of might
 f - a potion of mutation
 r - 5 potions of curing
 u - a potion of enlightenment
 x - a potion of magic {unknown}
 z - a potion of invisibility {unknown}
 A - 2 potions of haste {unknown}


   Skills:
 + Level 10.7 Fighting
 + Level 12.3 Axes
 - Level 6.3 Armour
 + Level 8.7 Shields


You had 9 spell levels left.
You didn't know any spells.
Your spell library was empty.

Dungeon Overview and Level Annotations

Branches:
Dungeon (8/15)             Temple (0/1) D:7
   Lair: D:8-11

Altars:
Ashenzari
Trog
Uskayaw
Xom
Yredelemnul


Innate Abilities, Weirdness & Mutations

You are partially covered in iridescent scales. (AC +2)
Your movements are slightly less encumbered by armour. (ER -2)
You passively dampen the noise of your surroundings.


Message History

The manticore is lightly wounded.
You hit the two-headed ogre. The manticore closely misses you.
The manticore claws you but does no damage.
You block the manticore's attack.
You slash the manticore!
The manticore is moderately wounded.
You hit the two-headed ogre but do no damage.
The two-headed ogre hits you with a +0 giant club!
* * * LOW HITPOINT WARNING * * *
The two-headed ogre closely misses you. The manticore bites you.
* * * LOW HITPOINT WARNING * * *
The manticore claws you but does no damage.
You block the manticore's attack.
You barely miss the two-headed ogre.
The two-headed ogre is severely wounded.
You barely miss the manticore.
You feel the effects of Trog's Hand fading.
You block the two-headed ogre's attack.
The two-headed ogre hits you with a +0 giant club.
* * * LOW HITPOINT WARNING * * *
You block the manticore's attack. x2
The manticore claws you but does no damage.
Aiming: Bolt of Light
Press: ? - help, Q - select action, (/) - cycle Shift-Dir - straight line, f - two-headed ogre
Aim: a two-headed ogre, wielding two +0 giant clubs (severely wounded, 86% to hit)
The bolt of light hits the two-headed ogre!
The two-headed ogre is severely wounded.
The two-headed ogre is blinded.
The manticore completely misses you.
The manticore claws you but does no damage.
The manticore claws you!
* * * LOW HITPOINT WARNING * * *
You slash the manticore!
The manticore is heavily wounded.
You slash the two-headed ogre! The two-headed ogre barely misses you.
You block the two-headed ogre's attack.
You slash the manticore!
The manticore is severely wounded.
You hit the two-headed ogre. The manticore bites you.
You die...

#.....###
#.####.
###.....#
#.....#
##...###.##
##..... ##..###
#..#####.##.#
#..##
##.......##..
######.##
#......#####
#.......#
.######.##
#.......####..#
#..###
#...)...#@..#
##...##
#...))...OH.#
###...
#.......#...#
####
#.......####.)#
#.......# ..#
#.......# ##
#$....?.#
#########


You could see a two-headed ogre (blind, unable to see you) and a manticore.

Vanquished Creatures
  Pikel (D:3)
  Grinder (D:5)
  Sigmund (D:2)
  4 yaks (D:6)
  3 steam dragons
  6 vampire mosquitoes
  Menkaure (D:5)
  Edmund (D:4)
  4 orc warriors
  A black bear (D:5)
  3 sky beasts
  2 ogres
  A centaur (D:7)
  A phantom (D:5)
  Blork the orc (D:4)
  A kobold brigand (D:6)
  A weeping skull (D:4)
  A bullfrog (D:6)
  A scorpion (D:7)
  3 wights (D:4)
  A howler monkey (D:6)
  3 hounds
  4 orc priests
  A bombardier beetle (D:7)
  A jelly (D:6)
  A sleepcap (D:6)
  Jessica (D:2)
  2 iguanas (D:6)
  Natasha (thrice) (D:4)
  3 orc wizards
  Robin (D:4)
  3 gnolls (D:3)
  11 adders
  2 white imps
  4 ufetubi
  A ribbon worm (D:5)
  6 dart slugs
  23 orcs
  14 ball pythons
  10 endoplasms
  3 giant cockroaches
  14 goblins
  8 hobgoblins
  8 jackals
  A quokka (D:1)
  9 bats
  3 frilled lizards
  8 kobolds
  3 rats
  A spectral orc (D:4)
191 creatures vanquished.

Notes
Turn   | Place    | Note
-------+----------+-------------------------------------------
     0 | D:1      | CerberUrsi the Hill Orc Fighter began the quest for the
                  | Orb.
     0 | D:1      | Reached XP level 1. HP: 19/19 MP: 1/1
    14 | D:1      | Reached skill level 3 in Axes
    59 | D:1      | Reached XP level 2. HP: 25/26 MP: 2/2
   163 | D:1      | Reached skill level 4 in Axes
   231 | D:1      | Reached XP level 3. HP: 30/31 MP: 3/3
   538 | D:1      | Reached skill level 5 in Axes
   934 | D:2      | Noticed Sigmund
   957 | D:2      | Killed Sigmund
   958 | D:2      | Reached skill level 7 in Axes
   958 | D:2      | Reached XP level 4. HP: 9/39 MP: 4/4
   958 | D:2      | Reached XP level 5. HP: 11/45 MP: 5/5
  1163 | D:2      | Noticed Jessica
  1168 | D:2      | Killed Jessica
  1169 | D:2      | Reached skill level 8 in Axes
  1169 | D:2      | Reached XP level 6. HP: 46/51 MP: 6/6
  1995 | D:3      | Found a broken altar of Ashenzari.
  2253 | D:3      | Gained mutation: You have hidden genetic potential. [potion
                  | of mutation]
  2253 | D:3      | Gained mutation: You are occasionally teleported next to
                  | monsters. [potion of mutation]
  2303 | D:3      | Reached skill level 9 in Axes
  2344 | D:3      | Found a faded altar of an unknown god.
  2352 | D:3      | Prayed at the altar of an unknown god.
  2352 | D:3      | Became a worshipper of Trog the Wrathful
  2352 | D:3      | Reached * piety under Trog
  2636 | D:4      | Reached XP level 7. HP: 27/59 MP: 7/7
  2760 | D:4      | Noticed Robin
  2766 | D:4      | Killed Robin
  2829 | D:5      | Entered Level 5 of the Dungeon
  2829 | D:5      | Noticed Menkaure
  2836 | D:4      | Noticed Pikel
  2844 | D:4      | Noticed Edmund
  2856 | D:3      | Killed Pikel
  2857 | D:3      | Reached skill level 5 in Fighting
  2857 | D:3      | Reached skill level 5 in Armour
  2857 | D:3      | Reached skill level 5 in Shields
  2857 | D:3      | Reached XP level 8. HP: 28/69 MP: 8/8
  2857 | D:3      | Lost mutation: You are occasionally teleported next to
                  | monsters. [potion of mutation]
  2857 | D:3      | Lost mutation: You have hidden genetic potential. [potion
                  | of mutation]
  2857 | D:3      | Gained mutation: You are strong-willed. (Will+) [potion of
                  | mutation]
  2858 | D:3      | Lost mutation: You are strong-willed. (Will+) [potion of
                  | mutation]
  2858 | D:3      | Gained mutation: You are partially covered in iridescent
                  | scales. (AC +2) [potion of mutation]
  2858 | D:3      | Gained mutation: Your movements are slightly less
                  | encumbered by armour. (ER -2) [potion of mutation]
  2858 | D:3      | Gained mutation: You passively dampen the noise of your
                  | surroundings. [potion of mutation]
  3080 | D:4      | Found a shimmering altar of Xom.
  3080 | D:4      | Found a shimmering altar of Xom.
  3080 | D:4      | Found a shimmering altar of Xom.
  3081 | D:4      | Found a shimmering altar of Xom.
  3081 | D:4      | Found a shimmering altar of Xom.
  3082 | D:4      | Found a shimmering altar of Xom.
  3083 | D:4      | Found a shimmering altar of Xom.
  3083 | D:4      | Found a shimmering altar of Xom.
  3084 | D:4      | Found a shimmering altar of Xom.
  3308 | D:4      | Found a hide-covered altar of Uskayaw.
  3326 | D:4      | Noticed Natasha
  3332 | D:4      | Killed Natasha
  3418 | D:4      | Noticed Blork the orc
  3428 | D:4      | Killed Blork the orc
  3574 | D:4      | Reached ** piety under Trog
  3599 | D:4      | Killed Edmund
  3786 | D:4      | Found a basalt altar of Yredelemnul.
  3943 | D:4      | Noticed Natasha
  3946 | D:4      | Killed Natasha
  4013 | D:4      | Noticed Natasha
  4024 | D:4      | Killed Natasha
  4041 | D:5      | Killed Menkaure
  4100 | D:5      | Noticed Grinder
  4103 | D:5      | Paralysed by Grinder for 4 turns
  4115 | D:5      | Paralysed by Grinder for 3 turns
  4126 | D:5      | Killed Grinder
  4127 | D:5      | Reached XP level 9. HP: 62/79 MP: 9/9
  4719 | D:5      | Reached skill level 10 in Axes
  5324 | D:6      | Reached skill level 11 in Axes
  5394 | D:6      | You fall into a shaft and drop 2 floors!
  5419 | D:8      | Reached XP level 10. HP: 70/91 MP: 10/10
  5524 | D:6      | Reached skill level 10 in Fighting
  5886 | D:6      | Reached *** piety under Trog
  6311 | D:7      | Reached skill level 12 in Axes
  6688 | D:7      | Found a staircase to the Ecumenical Temple.
  6797 | D:7      | Noticed a two-headed ogre
  6797 | D:7      | Noticed a manticore
  6814 | D:7      | HP: 4/94 [manticore (10)]
  6816 | D:7      | Slain by a manticore

Illustrated notes

Levels and vault maps discovered:
D:1:      dpeg_arrival_solitude, layout_rooms, serial_aquarium,
          aquarium_bridge_straight [aquarium_subvault_bridge,
          aquarium_subvault_wall, aquarium_subvault_bridge,
          aquarium_subvault_wall], aquarium_bridge_square
          [aquarium_subvault_window, aquarium_subvault_wall,
          aquarium_subvault_bridge, aquarium_subvault_wall],
          aquarium_window_fake, aquarium_window_fake, aquarium_view_2b,
          aquarium_balcony_3a, st_stairs_9, hangedman_decor_clover_reticule,
          grunt_decor_cap
D:2:      layout_basic, kennysheep_nondescript, uniq_sigmund, uniq_jessica
D:3:      kennysheep_six_static_rooms, layout_rooms, lemuel_round_altar,
          shapermc_ecumenical_altar_totnotflames,
          amcnicky_mini_rare_corridor_liquid, solitary_fountain,
          dk_noncrumbling_2
D:4:      layout_loops_corners, kennysheep_little_box,
          yredelemnul_forgotten_temple_becter, xom_redecorated, uniq_natasha,
          uniq_pikel, uniq_robin, uniq_blork_the_orc, uniq_edmund
D:5:      layout_loops_ring, hex_medium, dk_vineyard_1, uniq_grinder,
          uniq_menkaure
D:6:      layout_gridville
D:7:      minmay_blocky_corners, layout_rooms, minmay_temple_entry_overgrown
D:8:      layout_gridville, fedhas_bush_and_centaur_altar,
          mainiacjoe_overflow_swirl, uniq_psyche, uniq_jeremiah

Skill      XL: |  1  2  3  4  5  6  7  8  9 10 |
---------------+-------------------------------+-----
Axes           | 3 4 7 8 9 11 12 | 12.3
Fighting       | 4 5 7 9 10 | 10.7
Armour         | 5 6 |  6.3
Shields        | 5 6 7 8 |  8.7

Action                     |  1- 3 |  4- 6 |  7- 9 | 10-12 || total
---------------------------+-------+-------+-------+-------++-------
  Melee: War axe           |   105 |   101 |   247 |   139 ||   592
 Invoke: Trog's Hand       |       |       |     1 |     2 ||     3
         Berserk           |       |       |     1 |     1 ||     2
  Evoke: Wand              |       |       |       |     2 ||     2
    Use: Scroll            |       |     5 |     1 |       ||     6
         Potion            |       |     3 |     4 |       ||     7
   Stab: Invisible         |       |       |       |     1 ||     1
 Armour: Scale mail        |    69 |    55 |   126 |   126 ||   376
  Dodge: Dodged            |    61 |    30 |    78 |    65 ||   234
  Block: Buckler           |    31 |    34 |    68 |       ||   133
         Reflection        |       |     1 |     3 |     8 ||    12
         Kite shield       |       |       |    40 |   172 ||   212
